SAA
LANCASTER FARMERS @ SAN ANTONIO BC
08/28/2026
 
TOP OF THE 1ST
Lancaster Farmers batting - Pitching for San Antonio BC : RHP Adam Vaillancourt
Pitching: RHP Adam Vaillancourt
Batting: RHB Dan Scott 0-0: Ball
1-0: Ground out 6-3 (Groundball, 6)
Batting: SHB Alfredo Sánchez 0-0: Called Strike
0-1: Ball
1-1: Ground out 6-3 (Groundball, 6MS)
Batting: RHB Wu-shiun Wang 0-0: Called Strike
0-1: Ball
1-1: Foul Ball, location: 2F
1-2: Ball
2-2: Ball
3-2: Strikes out swinging
Top of the 1st over - 0 run(s), 0 hit(s), 0 error(s), 0 left on base; Lancaster 0 - San Antonio 0
BOTTOM OF THE 1ST
San Antonio BC batting - Pitching for Lancaster Farmers : RHP Rubén Madrid
Pitching: RHP Rubén Madrid
Batting: LHB Earl Wiley 0-0: Swinging Strike
0-1: Foul Ball, location: 2F
0-2: Strikes out looking
Batting: RHB Phil Dougherty 0-0: Ball
1-0: Ball
2-0: Called Strike
2-1: Foul Ball, location: 2F
2-2: Foul Ball, location: 2F
2-2: SINGLE (Flyball, 89S)
Batting: LHB Dawit Lihalakha 0-0: Ball
1-0: Swinging Strike
1-1: Ball
2-1: SINGLE (Groundball, 4D)
Phil Dougherty to second
Runner from 2nd tries for 3rd, SAFE, throw made to third
Batting: RHB Freddy Torres 0-0: Ball
1-0: Foul Ball, location: 2F
1-1: Ball
2-1: Fielders Choice at 2nd, 1-4 (Groundball, 15S)
Batting: SHB Esteban Borsellino 0-0: Called Strike
0-1: Called Strike
0-2: Ball
1-2: Ball
2-2: Ball
3-2: Fly out, F3 (Line Drive, 3)
Bottom of the 1st over - 0 run(s), 2 hit(s), 0 error(s), 2 left on base; Lancaster 0 - San Antonio 0
TOP OF THE 2ND
Lancaster Farmers batting - Pitching for San Antonio BC : RHP Adam Vaillancourt
Batting: RHB Alejandro Garza 0-0: Called Strike
0-1: Ground out 4-3 (Groundball, 6MD)
Batting: LHB Luis Freitas 0-0: Called Strike
0-1: Swinging Strike
0-2: Ball
1-2: Foul Ball, location: 2F
1-2: Strikes out swinging
Batting: SHB Enrico Mejía 0-0: Ball
1-0: Called Strike
1-1: Foul Ball, location: 2F
1-2: Foul Ball, location: 2F
1-2: Strikes out looking
Top of the 2nd over - 0 run(s), 0 hit(s), 0 error(s), 0 left on base; Lancaster 0 - San Antonio 0
BOTTOM OF THE 2ND
San Antonio BC batting - Pitching for Lancaster Farmers : RHP Rubén Madrid
Batting: RHB Ismael Sandoval 0-0: Called Strike
0-1: SOLO HOME RUN (Line Drive, 78XD), Distance : 421 ft
Batting: SHB Anastasio Delgadilo 0-0: Ball
1-0: Ball
2-0: Foul Ball, location: 2F
2-1: SINGLE (Groundball, 34D)
Batting: RHB Jorge Miranda 0-0: Called Strike
0-1: Foul Ball, location: 2F
0-2: Reached on error, E5 (Popup, 56S)
Anastasio Delgadilo to second
Batting: RHB Manny Álvarez 0-0: Ball
1-0: Foul Ball, location: 2F
1-1: Ball
2-1: Ball
3-1: Called Strike
3-2: Grounds into double play, 5-4-3 (Groundball, 56)
Anastasio Delgadilo to third
Batting: LHB Earl Wiley 0-0: Ground out 5-3 (Groundball, 5L)
Bottom of the 2nd over - 1 run(s), 2 hit(s), 1 error(s), 1 left on base; Lancaster 0 - San Antonio 1
TOP OF THE 3RD
Lancaster Farmers batting - Pitching for San Antonio BC : RHP Adam Vaillancourt
Batting: RHB António Jiménez 0-0: Called Strike
0-1: Ball
1-1: Swinging Strike
1-2: Strikes out looking
Batting: RHB José Alcalá 0-0: Ball
1-0: Foul Ball, location: 2F
1-1: Ball
2-1: Ball
3-1: Base on Balls
Batting: RHB Pedro Torres 0-0: Ball
1-0: Ball
José Alcalá steals 2nd base
2-0: Ball
3-0: Called Strike
3-1: Base on Balls
Batting: RHB Dan Scott 0-0: Ball
1-0: Grounds into double play, 6-4-3 (Groundball, 6M)
Top of the 3rd over - 0 run(s), 0 hit(s), 0 error(s), 1 left on base; Lancaster 0 - San Antonio 1
BOTTOM OF THE 3RD
San Antonio BC batting - Pitching for Lancaster Farmers : RHP Rubén Madrid
Batting: RHB Phil Dougherty 0-0: Ball
1-0: Called Strike
1-1: Ball
2-1: Called Strike
2-2: Fly out, F8 (Flyball, 8LM)
Batting: LHB Dawit Lihalakha 0-0: Called Strike
0-1: Ball
1-1: Called Strike
1-2: Ground out 6-3 (Groundball, 6)
Batting: RHB Freddy Torres 0-0: Called Strike
0-1: Ball
1-1: Ball
2-1: Called Strike
2-2: Strikes out swinging
Bottom of the 3rd over - 0 run(s), 0 hit(s), 0 error(s), 0 left on base; Lancaster 0 - San Antonio 1
TOP OF THE 4TH
Lancaster Farmers batting - Pitching for San Antonio BC : RHP Adam Vaillancourt
Batting: SHB Alfredo Sánchez 0-0: Foul Ball, location: 2F
0-1: Ball
1-1: Fly out, F4 (Flyball, 4D)
Batting: RHB Wu-shiun Wang 0-0: Ball
1-0: Ball
2-0: Fly out, F8 (Flyball, 8RM)
Batting: RHB Alejandro Garza 0-0: Called Strike
0-1: Foul Ball, location: 2F
0-2: Ball
1-2: Ball
2-2: Ball
3-2: Strikes out swinging
Top of the 4th over - 0 run(s), 0 hit(s), 0 error(s), 0 left on base; Lancaster 0 - San Antonio 1
BOTTOM OF THE 4TH
San Antonio BC batting - Pitching for Lancaster Farmers : RHP Rubén Madrid
Batting: SHB Esteban Borsellino 0-0: Ground out 6-3 (Groundball, 6)
Batting: RHB Ismael Sandoval 0-0: Ball
1-0: Ball
2-0: SINGLE (Line Drive, 78S)
Batting: SHB Anastasio Delgadilo 0-0: Called Strike
0-1: Swinging Strike
0-2: Ball
1-2: Strikes out looking
Batting: RHB Jorge Miranda 0-0: Ball
Ismael Sandoval steals 2nd base
1-0: Ball
2-0: Called Strike
2-1: Foul Ball, location: 2F
2-2: Ball
3-2: Foul Ball, location: 2F
3-2: Base on Balls
Batting: RHB Manny Álvarez 0-0: Swinging Strike
0-1: Ball
1-1: Ball
2-1: Called Strike
2-2: Strikes out swinging
Bottom of the 4th over - 0 run(s), 1 hit(s), 0 error(s), 2 left on base; Lancaster 0 - San Antonio 1
TOP OF THE 5TH
Lancaster Farmers batting - Pitching for San Antonio BC : RHP Adam Vaillancourt
Batting: LHB Luis Freitas 0-0: Swinging Strike
0-1: Ground out U3 (Groundball, 3L)
Batting: SHB Enrico Mejía 0-0: Ball
1-0: Called Strike
1-1: Ball
2-1: Foul Ball, location: 2F
2-2: Strikes out swinging
Batting: RHB António Jiménez 0-0: Ball
1-0: Called Strike
1-1: Swinging Strike
1-2: Foul Ball, location: 2F
1-2: Fly out, F7 (Line Drive, 7)
Top of the 5th over - 0 run(s), 0 hit(s), 0 error(s), 0 left on base; Lancaster 0 - San Antonio 1
BOTTOM OF THE 5TH
San Antonio BC batting - Pitching for Lancaster Farmers : RHP Rubén Madrid
Batting: LHB Earl Wiley 0-0: Reached on error, E7 (Flyball, 7S)
Batting: RHB Phil Dougherty 0-0: Ball
1-0: Ball
Earl Wiley is caught stealing 2nd base
2-0: Ball
3-0: Base on Balls
Batting: LHB Dawit Lihalakha 0-0: Called Strike
0-1: Ball
1-1: Swinging Strike
1-2: DOUBLE (Line Drive, 78M)
Phil Dougherty to third
Batting: RHB Freddy Torres 0-0: Ball
1-0: Ball
2-0: Ball
3-0: Base on Balls
Batting: SHB Esteban Borsellino 0-0: Ball
1-0: Ball
2-0: Fly out, F8 (Flyball, 78S)
Batting: RHB Ismael Sandoval 0-0: Called Strike
0-1: Called Strike
0-2: Foul Ball, location: 2F
0-2: Ball
1-2: Ball
2-2: Strikes out swinging
Bottom of the 5th over - 0 run(s), 1 hit(s), 1 error(s), 3 left on base; Lancaster 0 - San Antonio 1
TOP OF THE 6TH
Lancaster Farmers batting - Pitching for San Antonio BC : RHP Adam Vaillancourt
Batting: RHB José Alcalá 0-0: Called Strike
0-1: Ball
1-1: Ball
2-1: Swinging Strike
2-2: Fly out, F7 (Line Drive, 78S)
Batting: RHB Pedro Torres 0-0: Ball
1-0: Ball
2-0: Ball
3-0: Called Strike
3-1: Base on Balls
Batting: RHB Dan Scott 0-0: Ball
1-0: Swinging Strike
1-1: Ball
2-1: Grounds into double play, 6-4-3 (Groundball, 6M)
Top of the 6th over - 0 run(s), 0 hit(s), 0 error(s), 0 left on base; Lancaster 0 - San Antonio 1
BOTTOM OF THE 6TH
San Antonio BC batting - Pitching for Lancaster Farmers : RHP Rubén Madrid
Batting: SHB Anastasio Delgadilo 0-0: DOUBLE (Flyball, 7LM)
Batting: RHB Jorge Miranda 0-0: Intentional Walk
Batting: RHB Manny Álvarez 0-0: Fly out, F9 (Flyball, 9S)
Batting: LHB Earl Wiley 0-0: Called Strike
0-1: Ball
1-1: Ball
2-1: Foul Ball, location: 2F
2-2: Ball
3-2: Base on Balls
Anastasio Delgadilo to third
Jorge Miranda to second
Batting: RHB Phil Dougherty 0-0: Ball
1-0: Called Strike
1-1: Grounds into double play, 6-4-3 (Groundball, 6)
Bottom of the 6th over - 0 run(s), 1 hit(s), 0 error(s), 2 left on base; Lancaster 0 - San Antonio 1
TOP OF THE 7TH
Lancaster Farmers batting - Pitching for San Antonio BC : RHP Adam Vaillancourt
Batting: SHB Alfredo Sánchez 0-0: SINGLE (Line Drive, 8LM)
Batting: RHB Wu-shiun Wang 0-0: Called Strike
0-1: Fly out, F4 (Popup, 4D)
Batting: RHB Alejandro Garza 0-0: Ball
1-0: SINGLE (Flyball, 78S)
Alfredo Sánchez to second
Pinch Runner at 2nd Malcolm Vendetti:
Batting: LHB Luis Freitas 0-0: Ball
1-0: Fly out, F8 (Flyball, 8RD)
Runner from 2nd tags up, SAFE at 3rd, no throw
Batting: SHB Enrico Mejía 0-0: Called Strike
0-1: Ball
1-1: Foul Ball, location: 2F
1-2: Ball
2-2: Ball
3-2: Foul Ball, location: 2F
3-2: Ground out 1-3 (Groundball, 15S)
Top of the 7th over - 0 run(s), 2 hit(s), 0 error(s), 2 left on base; Lancaster 0 - San Antonio 1
BOTTOM OF THE 7TH
San Antonio BC batting - Pitching for Lancaster Farmers : RHP Rubén Madrid
Now at 1B: Ryan Elmore
Batting: LHB Dawit Lihalakha 0-0: Foul Ball, location: 2F
0-1: Ball
1-1: Called Strike
1-2: Ball
2-2: Foul Ball, location: 2F
2-2: Ball
3-2: Foul Ball, location: 2F
3-2: SINGLE (Groundball, 34D)
Pitching: RHP Kyle Lucas
Pinch Hitting: LHB Jim Unknown 0-0: Ball
1-0: Ball
2-0: Fly out, F7 (Flyball, 7)
Batting: SHB Esteban Borsellino 0-0: Fly out, F9 (Line Drive, 9LM)
Pinch Hitting: LHB Miguel García 0-0: Ball
1-0: Called Strike
1-1: Called Strike
1-2: Foul Ball, location: 2F
1-2: Foul Ball, location: 2F
1-2: Fly out, F8 (Flyball, 78D)
Bottom of the 7th over - 0 run(s), 1 hit(s), 0 error(s), 1 left on base; Lancaster 0 - San Antonio 1
TOP OF THE 8TH
Lancaster Farmers batting - Pitching for San Antonio BC : RHP Adam Vaillancourt
Now at 1B: Luis Campos
Now at SS: George Zeek
Now in LF: Jim Unknown
Batting: RHB António Jiménez 0-0: Ball
1-0: Called Strike
1-1: Foul Ball, location: 2F
1-2: Ball
2-2: Ball
3-2: Base on Balls
Pitching: RHP Derek Holbrook
Pinch Runner at 1st Augusto Encarnación:
Batting: RHB José Alcalá 0-0: Bunted foul
0-1: Ball
1-1: Ball
2-1: Bunt missed!
2-2: Foul Ball, location: 2F
2-2: Ball
3-2: Strikes out swinging
Batting: RHB Pedro Torres 0-0: Ball
1-0: Ball
2-0: Ball
3-0: Called Strike
Pickoff Throw by Catcher to First - Error! E2
Augusto Encarnación to second
3-1: Base on Balls
Pinch Hitting: LHB Gilberto Jiménez 0-0: Foul Ball, location: 2F
0-1: Fly out, F7 (Line Drive, 78M)
Batting: RHB Ryan Elmore 0-0: Ball
1-0: Foul Ball, location: 2F
1-1: Foul Ball, location: 2F
1-2: Ball
2-2: Foul Ball, location: 2F
2-2: Ball
3-2: Strikes out looking
Top of the 8th over - 0 run(s), 0 hit(s), 1 error(s), 2 left on base; Lancaster 0 - San Antonio 1
BOTTOM OF THE 8TH
San Antonio BC batting - Pitching for Lancaster Farmers : RHP Kyle Lucas
Now at 1B: Gilberto Jiménez
Now at 3B: Augusto Encarnación
Batting: SHB Anastasio Delgadilo 0-0: Ball
1-0: Swinging Strike
1-1: Foul Ball, location: 2F
1-2: Strikes out looking
Batting: RHB Jorge Miranda 0-0: Called Strike
0-1: Called Strike
0-2: Foul Ball, location: 2F
0-2: Fly out, F4 (Line Drive, 4)
Batting: RHB Manny Álvarez 0-0: Ball
1-0: Called Strike
1-1: Ball
2-1: Ball
3-1: Called Strike
3-2: Strikes out looking
Bottom of the 8th over - 0 run(s), 0 hit(s), 0 error(s), 0 left on base; Lancaster 0 - San Antonio 1
TOP OF THE 9TH
Lancaster Farmers batting - Pitching for San Antonio BC : RHP Derek Holbrook
Pitching: LHP Jamie Scott
Batting: RHB Wu-shiun Wang 0-0: Foul Ball, location: 2F
0-1: Foul Ball, location: 2F
0-2: Foul Ball, location: 2F
0-2: Foul Ball, location: 2F
0-2: Foul Ball, location: 2F
0-2: Ball
1-2: SINGLE (Groundball, 34D)
Batting: RHB Alejandro Garza 0-0: SINGLE (Groundball, 6) (infield hit)
Wu-shiun Wang to second
Batting: LHB Luis Freitas 0-0: Ball
1-0: Called Strike
1-1: Swinging Strike
1-2: Strikes out swinging
Batting: SHB Enrico Mejía 0-0: Called Strike
0-1: Called Strike
0-2: Ball
1-2: Fielders Choice at 2nd, 4-6 (Groundball, 4)
Wu-shiun Wang to third
Batting: RHB Augusto Encarnación 0-0: Swinging Strike
0-1: Fielders Choice at 2nd, 6-4 (Groundball, 6)
Top of the 9th over - 0 run(s), 2 hit(s), 0 error(s), 1 left on base; Lancaster 0 - San Antonio 1
Monday, March 20th, 2017 - OOTP Baseball 17.12 Build 75